[Event "FIDE Open World Rapid 2024"]
[Site "New York"]
[Date "2024.12.27"]
[Round "9.35"]
[White "Akobian, Varuzhan"]
[Black "Manafov, Vugar"]
[Result "1/2-1/2"]
[ECO "E11"]
[WhiteElo "2564"]
[BlackElo "2431"]
[Annotator "ChessBase"]
[PlyCount "71"]
[EventDate "2024.12.14"]
[EventType "swiss"]
[EventCountry "USA"]
[SourceTitle "playchess.com"]
[Source "ChessBase"]
[SourceQuality "1"]
[TimeControl "900+10"]

1. d4 Nf6 2. c4 e6 3. Nf3 Bb4+ 4. Bd2 a5 5. a3 Bxd2+ 6. Qxd2 O-O 7. Nc3 d6 8. e3 Nc6 9. Be2 e5 10. O-O Bg4 11. h3 Bh5 12. Rfd1 Re8 13. dxe5 Nxe5 14. Nxe5 Rxe5 15. Bxh5 Rxh5 16. b4 Re5 17. Qd4 h6 18. Rab1 axb4 19. axb4 Qe7 20. Ra1 Rc8 21. Qd3 Qe6 22. Ra7 Rb8 23. Rda1 Qe8 24. Nd5 Qd8 25. Qd4 Nd7 26. Rd1 Nf6 27. Qh4 Rg5 28. Qf4 Nxd5 29. Rxd5 Rxd5 30. cxd5 Qc8 31. Qg4 Qxg4 32. hxg4 c6 33. dxc6 bxc6 34. Ra6 Rxb4 35. Rxc6 Rxg4 36. Rxd6 1/2-1/2

[Event "FIDE Open World Rapid 2024"]
[Site "New York"]
[Date "2024.12.28"]
[Round "9.35"]
[White "Papasimakopoulos, Alexandros"]
[Black "Juksta, Karolis"]
[Result "0-1"]
[ECO "A40"]
[WhiteElo "2379"]
[BlackElo "2403"]
[Annotator "ChessBase"]
[PlyCount "78"]
[EventDate "2024.12.14"]
[EventType "swiss"]
[EventCountry "USA"]
[SourceTitle "playchess.com"]
[Source "ChessBase"]
[SourceQuality "1"]
[TimeControl "900+10"]

1. d4 e6 2. c4 b6 3. e4 Bb7 4. Bd3 Bb4+ 5. Kf1 Be7 6. Nc3 d6 7. Nf3 Nd7 8. Be3 Bf6 9. h4 h6 10. Ke2 g6 11. Kd2 Ne7 12. Kc2 a6 13. g4 Bg7 14. Nd2 Nc6 15. Nb3 Nb4+ 16. Kb1 Nxd3 17. Qxd3 c5 18. f4 cxd4 19. Bxd4 e5 20. Be3 exf4 21. Bxf4 Ne5 22. Qe2 Rc8 23. Nd2 O-O 24. Kc2 Qc7 25. b3 b5 26. Bxe5 Bxe5 27. Rab1 b4 28. Nd5 Bxd5 29. exd5 Qa5 30. Kd3 Qxd5+ 31. Kc2 Qa5 32. Kd3 Rfe8 33. Ne4 d5 34. Nd2 Qxa2 35. c5 Rxc5 36. Rhc1 Rc3+ 37. Rxc3 bxc3 38. Rd1 cxd2 39. Rxd2 Qxb3# 0-1

[Event "FIDE Open World Rapid 2024"]
[Site "New York"]
[Date "2024.12.28"]
[Round "9.36"]
[White "Kacharava, Nikolozi"]
[Black "George, Kevin"]
[Result "1-0"]
[ECO "C58"]
[WhiteElo "2510"]
[BlackElo "2270"]
[Annotator "ChessBase"]
[PlyCount "107"]
[EventDate "2024.12.14"]
[EventType "swiss"]
[EventCountry "USA"]
[SourceTitle "playchess.com"]
[Source "ChessBase"]
[SourceQuality "1"]
[TimeControl "900+10"]

1. e4 e5 2. Nf3 Nc6 3. Bc4 Nf6 4. Ng5 d5 5. exd5 Na5 6. Bb5+ c6 7. dxc6 bxc6 8. Bd3 Nd5 9. Nf3 Bd6 10. O-O O-O 11. Re1 f5 12. Nxe5 Qf6 13. Nf3 g5 14. c4 Nf4 15. Bf1 g4 16. c5 Bc7 17. d4 gxf3 18. Bxf4 Bxf4 19. Qxf3 Qxd4 20. Na3 Bc7 21. b4 Qxb4 22. Nc4 Qxc5 23. Rac1 Qd4 24. Nxa5 Bxa5 25. Bc4+ Kh8 26. Qa3 Ba6 27. Red1 Qb6 28. Bxa6 Qxa6 29. Rd7 Qe2 30. Qxa5 Rfe8 31. g3 Re7 32. Qxf5 Rxd7 33. Qxd7 Qxa2 34. Qd4+ Kg8 35. Rxc6 Qb1+ 36. Kg2 Qb7 37. Qd5+ Kh8 38. Qd4+ Kg8 39. Qc4+ Kh8 40. Qc3+ Kg8 41. f3 Rb8 42. g4 a5 43. Rc7 Qb2+ 44. Qxb2 Rxb2+ 45. Kg3 a4 46. Ra7 Rb4 47. g5 Rb5 48. Kg4 Rb2 49. h4 Ra2 50. Kf5 Rf2 51. f4 Rf3 52. Rxa4 Rh3 53. Kf6 h6 54. Ra8+ 1-0

[Event "FIDE Open World Rapid 2024"]
[Site "New York"]
[Date "2024.12.27"]
[Round "9.36"]
[White "Chasin, Nico"]
[Black "Ibarra Jerez, Jose Carlos"]
[Result "1-0"]
[ECO "E60"]
[WhiteElo "2417"]
[BlackElo "2556"]
[Annotator "ChessBase"]
[PlyCount "79"]
[EventDate "2024.12.14"]
[EventType "swiss"]
[EventCountry "USA"]
[SourceTitle "playchess.com"]
[Source "ChessBase"]
[SourceQuality "1"]
[TimeControl "900+10"]

1. d4 Nf6 2. c4 d6 3. Nf3 g6 4. g3 Bg7 5. Bg2 Bf5 6. O-O O-O 7. b3 c6 8. Bb2 a5 9. Nh4 Be4 10. Nf3 Bf5 11. Nh4 Be4 12. Nf3 Bf5 13. Re1 d5 14. Nbd2 a4 15. bxa4 Qa5 16. Qb3 Qxa4 17. Qxb7 Nbd7 18. Bc3 Rfb8 19. Qc7 e5 20. Nxe5 Nxe5 21. dxe5 Nd7 22. e4 Ra7 23. Qxb8+ Nxb8 24. exf5 Qa3 25. Nb1 Qc5 26. cxd5 cxd5 27. f6 Bf8 28. Rd1 d4 29. Rxd4 Rd7 30. Rxd7 Nxd7 31. a4 Nxe5 32. a5 Nd3 33. Ra2 Qc4 34. Rd2 Qb3 35. Rxd3 Qxb1+ 36. Bf1 Qa2 37. Rd8 Qa3 38. a6 h5 39. Bb4 Qxb4 40. a7 1-0

[Event "FIDE Open World Rapid 2024"]
[Site "New York"]
[Date "2024.12.27"]
[Round "9.37"]
[White "Aravindh, Chithambaram VR."]
[Black "Bai, Adelard"]
[Result "1-0"]
[ECO "D00"]
[WhiteElo "2718"]
[BlackElo "2393"]
[Annotator "TA"]
[PlyCount "72"]
[EventDate "2024.12.14"]
[EventType "swiss"]
[EventCountry "USA"]
[SourceTitle "playchess.com"]
[Source "ChessBase"]
[SourceQuality "1"]
[TimeControl "900+10"]

1. d4 Nf6 2. Bg5 d5 3. e3 c5 4. c3 Nc6 5. Nd2 e5 6. dxe5 Nxe5 7. Ngf3 Nxf3+ 8. Qxf3 {[%emt 0:01:52] White is slightly better.} Be7 9. Bd3 O-O 10. O-O Be6 11. h3 h6 12. Bf4 Qb6 13. Rab1 Rad8 14. Rfd1 Rfe8 {[%emt 0:00:18] [#]} 15. b4 $1 cxb4 16. cxb4 (16. Be5 {looks sharper.} Nd7 17. Bd4 Bc5 18. Nb3) 16... d4 {[%emt 0:03:32] And now ...dxe3 would win.} (16... Bxb4 $2 17. a3 $18) 17. Nc4 Qc6 18. Qxc6 bxc6 19. Na5 Bxa2 20. Rb2 (20. Ra1 $5 Bd5 $8 21. b5 $11) 20... Bd5 21. exd4 g5 (21... Bd6 $11 {keeps the balance.} 22. Bxd6 Rxd6) 22. Be5 {[%emt 0:00:33] White is more active.} (22. Bc7 $16) 22... Nd7 23. Bg3 Bf6 24. Bf5 {[%emt 0:00:16][%cal Bd3f5,Bf5g4,Bg4f3,Bf3d1][%mdl 32] Threatens to win with Bc7.} Nb6 25. Rc2 {[%emt 0:00:35] Prevents Nc4.} Kg7 26. Kh2 h5 27. f3 h4 28. Bc7 Ra8 29. Bg4 (29. Nxc6 Bb3 30. Be5 Bxe5+ (30... Bxc2 31. Bxf6+ Kxf6 32. Bxc2 $17) 31. dxe5 Bxc2 32. Bxc2 Rac8 $17) 29... Re3 30. f4 (30. Nxc6 Bb3 31. Rdc1 Bxc2 (31... Nd5 32. Bd6 $17) 32. Rxc2 Nd5 $17) 30... Rae8 31. Rf2 {[%emt 0:00:09] [#]} (31. Nxc6 $11 Rb3 32. Nxa7 Rxb4 33. Bd6) 31... R3e4 (31... Be7 $1 $17 32. Rb1 Na8 33. Be5+ f6) 32. Bf3 Rxd4 (32... R4e6 $11 {and Black has nothing to worry.}) 33. fxg5 $18 {[%emt 0:00:04] White is clearly winning.} (33. Nxc6 $2 {perishes.} Rxd1 34. Bxd1 Bxc6 $19) 33... Bd8 34. Bxd8 (34. Rxd4 Bxc7+ 35. Kg1 Re1+ 36. Rf1 Bh2+ 37. Kxh2 Rxf1 $16) 34... Rxd1 35. Bf6+ ({Weaker is} 35. Bxd1 Rxd8 36. Bh5 Rh8 $11) 35... Kg6 {[%emt 0:00:03] White must now prevent ...Bxf3.} 36. Bxd1 {[%emt 0:00:02] This pair of bishops is nice.} Re1 {[%emt 0:00:31] Weighted Error Value: White=0.16 (very precise) /Black=0.42.  Loses game:     	---       	Black=1      Mistake:       	White=2     	Black=2      Inaccurate:     	White=5     	Black=2      OK:         	White=10    	Black=10     Best:        	White=2     	Black=1} 1-0

[Event "FIDE Open World Rapid 2024"]
[Site "New York"]
[Date "2024.12.28"]
[Round "9.37"]
[White "Gaehwiler, Gabriel"]
[Black "Thavandiran, Shiyam"]
[Result "1/2-1/2"]
[ECO "C01"]
[WhiteElo "2392"]
[BlackElo "2410"]
[Annotator "ChessBase"]
[PlyCount "133"]
[EventDate "2024.12.14"]
[EventType "swiss"]
[EventCountry "USA"]
[SourceTitle "playchess.com"]
[Source "ChessBase"]
[SourceQuality "1"]
[TimeControl "900+10"]

1. e4 e6 2. d4 d5 3. Bd3 dxe4 4. Bxe4 Nf6 5. Bf3 c5 6. Ne2 Nc6 7. Be3 e5 8. Bxc6+ bxc6 9. dxe5 Qxd1+ 10. Kxd1 Ng4 11. Nd2 Nxe5 12. h3 Ba6 13. Re1 O-O-O 14. Kc1 Be7 15. Nc3 Rhe8 16. b3 f5 17. Kb2 Ng6 18. g3 Bf6 19. Rad1 h5 20. Ndb1 Rxd1 21. Rxd1 Re5 22. Kc1 h4 23. gxh4 f4 24. Bd2 Bxh4 25. Rg1 Re6 26. f3 Bg3 27. Ne4 Rxe4 28. fxe4 Nh4 29. Be1 Bxe1 30. Rxe1 Ng2 31. Rh1 f3 32. c4 Kc7 33. Nd2 f2 34. Rf1 Nf4 35. Kd1 Nxh3 36. Ke2 Bc8 37. Kf3 Kd6 38. Rh1 g5 39. Nf1 Ke5 40. Ke3 g4 41. Ng3 Be6 42. Rd1 Bf7 43. Rd7 Bg6 44. Re7+ Kf6 45. Rxa7 Kg5 46. Rg7 Kf6 47. Rxg6+ Kxg6 48. a4 Ng5 49. a5 Ne6 50. a6 Nc7 51. a7 Kg5 52. e5 f1=Q 53. Nxf1 Kf5 54. Ng3+ Kxe5 55. Ne4 Na8 56. Nxc5 Kd6 57. Ne4+ Kc7 58. Kf4 Kb7 59. Kxg4 Kxa7 60. Kf5 Kb6 61. Ke5 Nc7 62. Nf6 Kc5 63. Nd7+ Kb4 64. Kd6 Kxb3 65. c5 Na6 66. Kxc6 Nxc5 67. Nxc5+ 1/2-1/2

[Event "FIDE Open World Rapid 2024"]
[Site "New York"]
[Date "2024.12.28"]
[Round "9.38"]
[White "Wagner, Dennis"]
[Black "Manon, Reja Neer"]
[Result "0-1"]
[ECO "A77"]
[WhiteElo "2616"]
[BlackElo "2429"]
[Annotator "ChessBase"]
[PlyCount "156"]
[EventDate "2024.12.14"]
[EventType "swiss"]
[EventCountry "USA"]
[SourceTitle "playchess.com"]
[Source "ChessBase"]
[SourceQuality "1"]
[TimeControl "900+10"]

1. d4 Nf6 2. c4 e6 3. Nf3 c5 4. d5 exd5 5. cxd5 d6 6. Nc3 g6 7. Nd2 Bg7 8. e4 O-O 9. Be2 Re8 10. O-O a6 11. a4 Nbd7 12. h3 Qc7 13. Kh1 Rb8 14. a5 b5 15. axb6 Rxb6 16. Qc2 Rb4 17. Ra3 a5 18. Bb5 Nh5 19. Bc6 Ba6 20. Rd1 Ne5 21. Bxe8 Bd3 22. Nb5 Bxc2 23. Nxc7 Bxd1 24. Bb5 Nf4 25. Nf1 Rxe4 26. Rxa5 h5 27. Be3 Nc4 28. Ra8+ Kh7 29. Ne8 Nxd5 30. Bc6 Ndxe3 31. Nxe3 Rd4 32. Ra7 Ne5 33. Bd5 Kg8 34. Nxd6 Bb3 35. Bxb3 Rxd6 36. Nc4 Rd3 37. Ra8+ Kh7 38. Bc2 Rd4 39. Nxe5 Bxe5 40. Ra7 Kg7 41. g3 Rd2 42. Be4 Rxf2 43. b3 Bxg3 44. Bd5 Be5 45. Bc4 Bd4 46. Rd7 g5 47. Rd5 Kf6 48. Rd7 Kg6 49. b4 g4 50. hxg4 hxg4 51. bxc5 Bxc5 52. Rc7 Be3 53. Re7 Bg5 54. Kg1 Rf4 55. Rc7 f5 56. Kg2 Rd4 57. Rc6+ Bf6 58. Be2 Kg5 59. Rc5 Rd2 60. Kf1 g3 61. Rc8 g2+ 62. Kxg2 Rxe2+ 63. Kf3 Re7 64. Rg8+ Bg7 65. Ra8 Rc7 66. Rg8 Kf6 67. Ra8 Rc3+ 68. Kg2 Bh6 69. Ra6+ Kg5 70. Kf2 Bf8 71. Kg2 Bc5 72. Ra8 Kg4 73. Rg8+ Kf4 74. Ra8 Rc2+ 75. Kh3 Kf3 76. Re8 Bg1 77. Kh4 Be3 78. Kh5 f4 0-1

[Event "FIDE Open World Rapid 2024"]
[Site "New York"]
[Date "2024.12.27"]
[Round "9.38"]
[White "Nesterov, Arseniy"]
[Black "Vachier-Lagrave, Maxime"]
[Result "1/2-1/2"]
[ECO "D35"]
[WhiteElo "2599"]
[BlackElo "2731"]
[Annotator "TA"]
[PlyCount "78"]
[EventDate "2024.12.14"]
[EventType "swiss"]
[EventCountry "USA"]
[SourceTitle "playchess.com"]
[Source "ChessBase"]
[SourceQuality "1"]
[TimeControl "900+10"]

1. Nf3 d5 2. d4 Nf6 3. c4 e6 4. Nc3 Nbd7 5. Bf4 Bb4 6. cxd5 exd5 7. e3 Ne4 8. Qc2 g5 9. Bg3 h5 10. h4 Nxg3 11. fxg3 gxh4 12. gxh4 Qe7 13. Bd3 Nf6 (13... Qxe3+ $6 14. Kd1 Bxc3 15. Qxc3 $14) 14. O-O Be6 15. Bf5 {[%emt 0:02:03] Strongly threatening Bxe6.} O-O-O 16. Ne5 Ng4 17. Nxf7 {[%emt 0:00:18] Excellent horsemanship.} Qxh4 18. Bxe6+ Kb8 19. Bxg4 (19. Nxd5 $2 Qh2#) 19... hxg4 20. Nxh8 Rxh8 21. Rf4 (21. Nxd5 g3 22. Qxc7+ (22. Nxb4 $2 Qh2#) 22... Ka8 $19) 21... Qh1+ 22. Kf2 Qxa1 23. Qb1 $1 Qxb1 24. Nxb1 $11 {[%emt 0:00:01][%mdl 4096] Endgame KRB-KRN} g3+ 25. Kf3 ({Much worse is} 25. Kxg3 Bd6 26. Nd2 Bxf4+ 27. exf4 b6 $17) 25... Bd6 26. Rf5 Rh1 27. Nd2 {[%emt 0:00:00] Repels Rf1+} Rd1 28. Ke2 $1 Rg1 29. Rxd5 Rxg2+ 30. Kd3 Rf2 31. Rg5 Kc8 (31... a5 $5 32. Ne4 Rxb2 33. Rg8+ Ka7 34. Nxd6 cxd6 35. Rxg3 Rxa2 $11) 32. Nc4 g2 33. Nxd6+ $1 cxd6 $15 {[%emt 0:00:02] KR-KR} 34. Kc3 $1 d5 {[%emt 0:00:45] White must now prevent ...b5.} 35. a4 $1 Re2 36. b3 Kd7 37. Kd3 $1 Rb2 38. Kc3 Re2 39. Kd3 Rb2 1/2-1/2

[Event "FIDE Open World Rapid 2024"]
[Site "New York"]
[Date "2024.12.27"]
[Round "9.39"]
[White "Suleymanli, Aydin"]
[Black "Onischuk, Alexander"]
[Result "1-0"]
[ECO "C26"]
[WhiteElo "2623"]
[BlackElo "2640"]
[Annotator "ChessBase"]
[PlyCount "71"]
[EventDate "2024.12.14"]
[EventType "swiss"]
[EventCountry "USA"]
[SourceTitle "playchess.com"]
[Source "ChessBase"]
[SourceQuality "1"]
[TimeControl "900+10"]

1. e4 e5 2. Nc3 Nf6 3. d4 exd4 4. Qxd4 Nc6 5. Qd3 d6 6. Bf4 g6 7. O-O-O Bg7 8. Qd2 O-O 9. Bh6 Re8 10. Bxg7 Kxg7 11. f3 a6 12. g4 b5 13. h4 b4 14. Nce2 h5 15. g5 Nd7 16. Nf4 Nc5 17. Nd5 Be6 18. Nxb4 Nxb4 19. Qxb4 Rb8 20. Qc3+ Kh7 21. b3 a5 22. Ne2 a4 23. Nd4 axb3 24. axb3 Qd7 25. Nxe6 Nxe6 26. Bc4 Qe7 27. Kb2 Nf4 28. Rd2 Ra8 29. Qf6 Qxf6+ 30. gxf6 Kg8 31. Kc3 Ra2 32. Kd4 Ne6+ 33. Ke3 Nc5 34. Rg1 Kf8 35. Rg5 Ra1 36. Rxc5 1-0

[Event "FIDE Open World Rapid 2024"]
[Site "New York"]
[Date "2024.12.28"]
[Round "9.39"]
[White "Soo, Kai Jie"]
[Black "Kvaloy, Aksel Bu"]
[Result "0-1"]
[ECO "E11"]
[WhiteElo "2153"]
[BlackElo "2490"]
[Annotator "ChessBase"]
[PlyCount "68"]
[EventDate "2024.12.14"]
[EventType "swiss"]
[EventCountry "USA"]
[SourceTitle "playchess.com"]
[Source "ChessBase"]
[SourceQuality "1"]
[TimeControl "900+10"]

1. d4 Nf6 2. c4 e6 3. g3 d5 4. Nf3 Bb4+ 5. Bd2 Be7 6. Bg2 Nbd7 7. O-O c6 8. Qc2 Ne4 9. Bf4 g5 10. Be3 O-O 11. Nfd2 Nd6 12. f3 Nf5 13. Bf2 Bf6 14. e3 b6 15. Nc3 Bb7 16. Ne2 Bg7 17. e4 Ne7 18. f4 g4 19. f5 exf5 20. exd5 cxd5 21. Nf4 Nf6 22. cxd5 Rc8 23. Qa4 Nexd5 24. Qxa7 Nxf4 25. Bxb7 Nh3+ 26. Kg2 Rc2 27. Rad1 Nxf2 28. Rxf2 Qxd4 29. a4 Ne4 30. Nxe4 Qxd1 31. Qxb6 fxe4 32. Bxe4 Rxf2+ 33. Qxf2 Re8 34. Bc2 Qd5+ 0-1

[Event "FIDE Open World Rapid 2024"]
[Site "New York"]
[Date "2024.12.27"]
[Round "9.40"]
[White "Woodward, Andy"]
[Black "Oparin, Grigoriy"]
[Result "1/2-1/2"]
[ECO "E08"]
[WhiteElo "2530"]
[BlackElo "2653"]
[Annotator "ChessBase"]
[PlyCount "118"]
[EventDate "2024.12.14"]
[EventType "swiss"]
[EventCountry "USA"]
[SourceTitle "playchess.com"]
[Source "ChessBase"]
[SourceQuality "1"]
[TimeControl "900+10"]

1. d4 Nf6 2. c4 e6 3. g3 d5 4. Bg2 Bb4+ 5. Bd2 a5 6. Nf3 O-O 7. Qc2 c6 8. O-O Be7 9. Bf4 Nbd7 10. Rd1 Nh5 11. Bc1 Nhf6 12. Nbd2 b6 13. e4 Bb7 14. b3 a4 15. Bb2 Nxe4 16. Nxe4 dxe4 17. Qxe4 Qc7 18. Qe2 Rfe8 19. Bc3 c5 20. dxc5 bxc5 21. Rd3 axb3 22. Rad1 Nf6 23. axb3 Red8 24. Ne5 Rxd3 25. Rxd3 Rd8 26. Rxd8+ Bxd8 27. Bf3 Be7 28. Kg2 Nd7 29. Nd3 Bc6 30. Bb2 Qb7 31. Bxc6 Qxc6+ 32. Qf3 Qxf3+ 33. Kxf3 f6 34. Ke3 g5 35. h3 Kf7 36. Bc3 h5 37. b4 cxb4 38. Bxb4 Bxb4 39. Nxb4 Ke7 40. Nd3 Kd6 41. Kd4 Kc6 42. f3 h4 43. gxh4 gxh4 44. f4 e5+ 45. fxe5 Nxe5 46. Nb4+ Kd6 47. c5+ Ke6 48. Ke4 Nd7 49. Nd3 f5+ 50. Kd4 Nf6 51. Nf4+ Kd7 52. Ng6 Ne4 53. Kd5 Nc3+ 54. Ke5 Ne4 55. Kd5 Nc3+ 56. Kd4 Ne4 57. Nxh4 Ng5 58. Nxf5 Nxh3 59. c6+ Kxc6 1/2-1/2

[Event "FIDE Open World Rapid 2024"]
[Site "New York"]
[Date "2024.12.28"]
[Round "9.40"]
[White "Wanyama, Harold"]
[Black "Esquivel Golcher, Luis Enrique"]
[Result "1-0"]
[ECO "A40"]
[WhiteElo "2154"]
[BlackElo "2081"]
[Annotator "ChessBase"]
[PlyCount "62"]
[EventDate "2024.12.14"]
[EventType "swiss"]
[EventCountry "USA"]
[SourceTitle "playchess.com"]
[Source "ChessBase"]
[SourceQuality "1"]
[TimeControl "900+10"]

1. d4 e6 2. c4 Bb4+ 3. Nd2 Nf6 4. a3 Bxd2+ 5. Qxd2 d6 6. g3 Qe7 7. Bg2 O-O 8. Nf3 e5 9. O-O Nc6 10. b4 Bg4 11. dxe5 dxe5 12. Bb2 Rad8 13. Qe3 Bxf3 14. Bxf3 Nd4 15. Rad1 c5 16. Bg2 Ng4 17. Qd3 f5 18. Bd5+ Kh8 19. bxc5 Nc6 20. h3 e4 21. Qc3 Nge5 22. Bxc6 Nxc6 23. Rd6 f4 24. gxf4 Rxf4 25. Qg3 Rf5 26. Kh1 Qf8 27. Rg1 Rf7 28. Rg2 Rxd6 29. cxd6 Nd8 30. Qe5 Nc6 31. Qxe4 b6 1-0

[Event "FIDE Open World Rapid 2024"]
[Site "New York"]
[Date "2024.12.27"]
[Round "9.41"]
[White "Harsha Bharathakoti"]
[Black "Van Foreest, Jorden"]
[Result "0-1"]
[ECO "D19"]
[WhiteElo "2531"]
[BlackElo "2677"]
[Annotator "ChessBase"]
[PlyCount "104"]
[EventDate "2024.12.14"]
[EventType "swiss"]
[EventCountry "USA"]
[SourceTitle "playchess.com"]
[Source "ChessBase"]
[SourceQuality "1"]
[TimeControl "900+10"]

1. d4 d5 2. c4 c6 3. Nf3 Nf6 4. Nc3 dxc4 5. a4 Bf5 6. e3 e6 7. Bxc4 Bb4 8. O-O O-O 9. Qe2 Bg6 10. Ne5 Nbd7 11. Nxg6 hxg6 12. Rd1 Qe7 13. e4 e5 14. d5 Rfd8 15. Bg5 a5 16. Rd3 Nc5 17. Rg3 Qd6 18. dxc6 Bxc3 19. Bxf6 gxf6 20. bxc3 Kg7 21. cxb7 Nxb7 22. Bd5 Rab8 23. h4 Nc5 24. h5 Rh8 25. hxg6 fxg6 26. Qg4 Rh6 27. Rh3 Qd7 28. Qxd7+ Nxd7 29. Rxh6 Kxh6 30. Rd1 Nc5 31. Bc6 Rb6 32. Bb5 Nxe4 33. c4 Rb8 34. Bc6 Nc3 35. Rd6 Ne2+ 36. Kh2 Kg5 37. g3 Rb2 38. Bb5 Nc3 39. c5 Ne4 40. Rd5 Rxf2+ 41. Kg1 Rc2 42. c6 Kg4 43. Rd7 Kxg3 44. Kf1 Kf3 45. Rd3+ Kf4 46. Rd7 Ng5 47. Ke1 e4 48. Re7 e3 49. c7 Ne4 50. Kd1 Rc5 51. Ba6 Nc3+ 52. Ke1 Nd5 0-1

[Event "FIDE Open World Rapid 2024"]
[Site "New York"]
[Date "2024.12.28"]
[Round "9.41"]
[White "Wong, Hayoung"]
[Black "Makoto, Rodwell"]
[Result "0-1"]
[ECO "E37"]
[WhiteElo "1704"]
[BlackElo "2334"]
[Annotator "ChessBase"]
[PlyCount "121"]
[EventDate "2024.12.14"]
[EventType "swiss"]
[EventCountry "USA"]
[SourceTitle "playchess.com"]
[Source "ChessBase"]
[SourceQuality "1"]
[TimeControl "900+10"]

1. d4 Nf6 2. Nf3 d5 3. c4 e6 4. Nc3 Bb4 5. Qc2 O-O 6. a3 Bxc3+ 7. Qxc3 Ne4 8. Qc2 Nd7 9. e3 b6 10. cxd5 exd5 11. Qc6 Rb8 12. Qxd5 Bb7 13. Qc4 c5 14. Be2 cxd4 15. Qxd4 Qe7 16. O-O Rfd8 17. b4 f6 18. Qc4+ Kh8 19. Bb2 Rbc8 20. Qb3 Ne5 21. Bxe5 fxe5 22. Qb2 Nc3 23. Rac1 Nxe2+ 24. Qxe2 a5 25. Qb5 Bxf3 26. gxf3 Qg5+ 27. Kh1 Qf6 28. Qe2 axb4 29. axb4 Qh4 30. Qb2 Qh3 31. Qe2 h6 32. Rg1 Rxc1 33. Rxc1 Rf8 34. Rg1 Rxf3 35. Rg3 Rxg3 36. fxg3 Qf5 37. Kg2 Qe4+ 38. Qf3 Qxb4 39. Qf7 Qd6 40. h4 Qb8 41. Qd5 b5 42. h5 b4 43. Qb3 Qa8+ 44. Kh3 Qc8+ 45. Kh4 Qf8 46. g4 Qf2+ 47. Kh3 Qd2 48. Qe6 Qxe3+ 49. Kh4 Qf2+ 50. Kh3 Qf3+ 51. Kh4 Qf8 52. Qc4 Qb8 53. Qb3 e4 54. Kh3 Qf8 55. Qc4 e3 56. Qe4 b3 57. Qxe3 b2 58. Qe1 Qf3+ 59. Kh4 Qd3 60. Qe8+ Kh7 61. Qg6+ 0-1

[Event "FIDE Open World Rapid 2024"]
[Site "New York"]
[Date "2024.12.27"]
[Round "9.42"]
[White "Salem, A.R. Saleh"]
[Black "Grebnev, Aleksey"]
[Result "1-0"]
[ECO "E27"]
[WhiteElo "2622"]
[BlackElo "2555"]
[Annotator "ChessBase"]
[PlyCount "75"]
[EventDate "2024.12.14"]
[EventType "swiss"]
[EventCountry "USA"]
[SourceTitle "playchess.com"]
[Source "ChessBase"]
[SourceQuality "1"]
[TimeControl "900+10"]

1. d4 Nf6 2. c4 e6 3. Nc3 Bb4 4. a3 Bxc3+ 5. bxc3 O-O 6. f3 d6 7. e4 c5 8. Bd3 Nc6 9. Ne2 Ne8 10. O-O b6 11. Ra2 Ba6 12. f4 Na5 13. f5 exf5 14. exf5 Nf6 15. Bg5 Bxc4 16. Bxc4 Nxc4 17. Qd3 d5 18. Nf4 Nd6 19. Bxf6 Qxf6 20. Nxd5 Qg5 21. dxc5 Ne8 22. c6 Kh8 23. Re2 Qd8 24. Qd4 Nc7 25. c4 Qd6 26. f6 g6 27. Qe5 Qc5+ 28. Kh1 Ne6 29. Ne7 Qxc4 30. Ree1 Qc5 31. Qg3 Nd4 32. Qh3 Nf5 33. Rc1 Qd6 34. c7 Rac8 35. Nxc8 Rxc8 36. Rxf5 Rxc7 37. Rff1 Qxf6 38. Qc8+ 1-0

[Event "FIDE Open World Rapid 2024"]
[Site "New York"]
[Date "2024.12.28"]
[Round "9.42"]
[White "Pereira, Fabian"]
[Black "Meylan, Andre"]
[Result "1/2-1/2"]
[ECO "B40"]
[WhiteElo "2123"]
[BlackElo "2138"]
[Annotator "NA"]
[PlyCount "52"]
[EventDate "2024.12.14"]
[EventType "swiss"]
[EventCountry "USA"]
[SourceTitle "playchess.com"]
[Source "ChessBase"]
[SourceQuality "1"]
[TimeControl "900+10"]

1. e4 e6 2. d4 d5 3. Nd2 c5 4. exd5 exd5 5. Ngf3 Nc6 6. dxc5 Bxc5 7. Nb3 Bd6 8. Bd3 Nf6 9. O-O O-O 10. h3 Ne4 11. Be3 Qf6 12. c3 Ne5 13. Nxe5 Qxe5 14. f4 Qf6 15. Qf3 Re8 16. Bb5 Rd8 17. Rad1 Bc7 18. Bd4 Bb6 19. Kh2 Bxd4 20. Rxd4 Be6 21. Rfd1 g6 22. Nc1 Nd6 23. Bd3 h5 24. Re1 Rac8 25. Ne2 h4 26. Rd1 Re8 1/2-1/2

[Event "FIDE Open World Rapid 2024"]
[Site "New York"]
[Date "2024.12.27"]
[Round "9.43"]
[White "Chirila, Ioan-Cristian"]
[Black "Svane, Rasmus"]
[Result "0-1"]
[ECO "D37"]
[WhiteElo "2530"]
[BlackElo "2628"]
[Annotator "ChessBase"]
[PlyCount "102"]
[EventDate "2024.12.14"]
[EventType "swiss"]
[EventCountry "USA"]
[SourceTitle "playchess.com"]
[Source "ChessBase"]
[SourceQuality "1"]
[TimeControl "900+10"]

1. d4 Nf6 2. c4 e6 3. Nf3 d5 4. Nc3 a6 5. cxd5 exd5 6. Bf4 Bd6 7. Bg5 Be6 8. e3 Nbd7 9. Be2 c6 10. O-O Qc7 11. Qc2 O-O 12. Bh4 Bg4 13. Bg3 Bxg3 14. hxg3 Qd6 15. Bd3 Rfe8 16. Rfe1 Rac8 17. a3 g6 18. b4 b5 19. Nd2 Kg7 20. Qb2 Rcd8 21. Rac1 Re6 22. Nb3 Rde8 23. Ne2 R6e7 24. Na5 Rc8 25. Qc2 Bxe2 26. Rxe2 Nb6 27. Qc5 Qxc5 28. Rxc5 Rec7 29. e4 Nc4 30. exd5 Nxa5 31. bxa5 cxd5 32. a4 Rxc5 33. dxc5 bxa4 34. Ra2 Rxc5 35. Rxa4 Rc1+ 36. Bf1 Ne4 37. Rd4 Nc3 38. Rd2 Ra1 39. f3 Rxa5 40. Kf2 Ra3 41. Rd3 Kf6 42. Ke3 Ke5 43. Kd2 d4 44. f4+ Kd5 45. Kc2 a5 46. Rf3 Ra2+ 47. Kc1 a4 48. f5 a3 49. fxg6 hxg6 50. Rxf7 Ra1+ 51. Kc2 a2 0-1

[Event "FIDE Open World Rapid 2024"]
[Site "New York"]
[Date "2024.12.28"]
[Round "9.43"]
[White "Ahmed, Nidal"]
[Black "Larrea, Manuel"]
[Result "0-1"]
[ECO "B50"]
[WhiteElo "1796"]
[BlackElo "2259"]
[Annotator "ChessBase"]
[PlyCount "78"]
[EventDate "2024.12.14"]
[EventType "swiss"]
[EventCountry "USA"]
[SourceTitle "playchess.com"]
[Source "ChessBase"]
[SourceQuality "1"]
[TimeControl "900+10"]

1. e4 c5 2. Nf3 Nc6 3. g3 g6 4. Bg2 Bg7 5. O-O d6 6. c3 e5 7. a4 Nge7 8. Na3 O-O 9. Nc2 Qb6 10. d3 Be6 11. Ne3 Rad8 12. Nc4 Qc7 13. Ng5 Bc8 14. Nf3 d5 15. exd5 Nxd5 16. Qc2 Rfe8 17. Ne3 Nxe3 18. Bxe3 Bf5 19. Rfd1 c4 20. Ne1 cxd3 21. Qb3 e4 22. h3 Na5 23. Qa2 Nc4 24. Bd4 Ne5 25. a5 Nc6 26. Bxg7 Kxg7 27. a6 b6 28. Qa4 h5 29. Qc4 Qd7 30. Qb5 Re5 31. Qa4 b5 32. Qa3 Bxh3 33. Bxh3 Qxh3 34. Ng2 e3 35. fxe3 Qxg3 36. Rd2 h4 37. Kh1 h3 38. Ne1 Rg5 39. Nxd3 Rxd3 0-1